 Dungeon Crawl Stone Soup version 0.30-a0-1160-g6e42c06551 (webtiles) character file.

Game seed: 3435202822474571207

65 Anamonty the Stinger (level 4, -3/27 HPs)
             Began as an Octopode Venom Mage on Apr 26, 2023.
             Slain by a gnoll
             ... wielding a +0 flail
              (12 damage)
             ... on level 2 of the Dungeon.
             The game lasted 00:01:43 (1722 turns).

Anamonty the Stinger (Octopode Venom Mage)          Turns: 1722, Time: 00:01:44

Health: -3/27      AC:  1    Str:  9    XL:     4   Next: 13%
Magic:  5/7        EV: 13    Int: 17    God:
Gold:   84         SH:  0    Dex: 12    Spells: 7/8 levels left

rFire   . . .        j - +0 rapier
rCold   . . .        (no shield)
rNeg    . . .        (helmet restricted)
rPois   .            (no amulet)
rElec   .            c - ring of willpower
rCorr   .            (no ring)
SInv    .            (no ring)
Will    +....        (no ring)
Stlth   +++          (no ring)
HPRegen 0.24/turn    (no ring)
MPRegen 0.10/turn    (no ring)
                     (no ring)

%: no passive effects
@: no status effects
A: almost no armour, amphibious, 8 rings, camouflage 1, gelatinous body 1,
(nimble swimmer 1), tentacles
a: no special abilities


You were on level 2 of the Dungeon.
You visited 1 branch of the dungeon, and saw 2 of its levels.

You collected 84 gold pieces.

Inventory:

Hand Weapons
 j - a +0 rapier (weapon)
Jewellery
 c - a ring of willpower (left tentacle)
Scrolls
 g - a scroll of silence {unknown}
 k - a scroll of identify {unknown}
Potions
 a - a potion of magic
 b - 3 potions of brilliance {unknown}
 d - a potion of might {unknown}
 e - a potion of degeneration {unknown}
 f - a potion of resistance {unknown}
 h - a potion of lignification {unknown}
 i - a potion of ambrosia {unknown}


   Skills:
 + Level 2.6 Dodging
 - Level 2.6 Stealth
 + Level 2.6 Spellcasting
 - Level 1.0 Transmutations
 * Level 4.9 Poison Magic


You had 7 spell levels left.
You knew the following spells:

 Your Spells              Type           Power      Damage    Failure   Level
a - Sting                 Tmut/Pois      48%        1d5       5%          1

Your spell library contained the following spells:

 Spells                   Type           Power      Damage    Failure   Level
 Poisonous Vapours        Pois/Air       20%        N/A       10%         2
 Olgreb's Toxic Radiance  Pois           19%        N/A       24%         4
 Mephitic Cloud           Conj/Pois/Air  7%         N/A       28%         3


Dungeon Overview and Level Annotations

Branches:
Dungeon (2/15)

Altars:


Innate Abilities, Weirdness & Mutations

You cannot wear most types of armour.
You are amphibious.
You can wear up to eight rings at the same time.
Your skin changes colour to match your surroundings (Stealth+).
Your rubbery body absorbs attacks. (AC +1, EV +1)
((You are camouflaged when in or above water. (Stealth+)))
You have tentacles for arms and can constrict up to eight enemies at once.


Message History

Found 6 javelins.
A gnoll comes into view. It is wielding a +0 flail.
A gnoll is nearby!
Found an escape hatch in the floor.
Casting: Sting (safe; 5% risk of failure)
Confirm with . or Enter, or press ? or * to list all spells.
You don't know that spell.
Unknown command.
Unknown command.
Unknown command.
A gnoll comes into view. It is wielding a +0 flail.
The gnoll shouts! x2; You hear a bark!
A jackal comes into view.
A gnoll comes into view. It is wielding a +0 whip.
A jackal comes into view.
Casting: Sting (safe; 5% risk of failure)
Confirm with . or Enter, or press ? or * to list all spells.
Aiming: Sting (safe; 5% risk of failure)
Press: ? - help, Shift-Dir - straight line, f - gnoll
Aim: a gnoll, wielding a +0 flail (75% to hit)
The sting hits the gnoll.
The gnoll is poisoned.
The gnoll is lightly wounded.
The gnoll shouts!
Unknown command.
The gnoll attacks as you move away! The gnoll hits you with a +0 flail!
Casting: Sting (safe; 5% risk of failure)
Confirm with . or Enter, or press ? or * to list all spells.
Aiming: Sting (safe; 5% risk of failure)
Press: ? - help, Shift-Dir - straight line, f/p - gnoll
Aim: a gnoll, wielding a +0 flail (heavily wounded, poisoned, 75% to hit)
The sting hits the gnoll but does no damage.
The gnoll looks even sicker.
The gnoll is heavily wounded.
The gnoll hits you with a +0 flail.
You hit the gnoll but do no damage. Your grab misses the gnoll.
Your squeeze misses the gnoll.
The gnoll is heavily wounded.
The gnoll closely misses you. The gnoll attacks as you move away!
The gnoll hits you with a +0 flail!
You die...

#.#.. #.#.# #.#.# ########
#.#.# .. .......## #.#.# #.#
######..######.#.# ##.##
##......#......#.###...## #
.'......'............... #..
##......#...####@#....(##....
#########.#.## #g##.#........
.......##.#..###gg..#.#......
######.##.....##.#h.gh.......
##'######..#####.##...>.#
#...# #.......... ....# #...#
#.....##.##.....# #...#
#.......... ..... ##'##
#.....##.# .###


You could see 3 gnolls and a jackal.

Vanquished Creatures
  A gnoll (D:1)
  2 adders (D:2)
  A dart slug (D:2)
  A bat (D:1)
  6 endoplasms
  2 goblins (D:1)
  A hobgoblin (D:1)
  5 jackals (D:1)
  A quokka (D:1)
  5 ball pythons
  2 frilled lizards
  4 kobolds (D:1)
  4 rats (D:1)
35 creatures vanquished.

Notes
Turn   | Place    | Note
-------+----------+-------------------------------------------
     0 | D:1      | Anamonty the Octopode Venom Mage began the quest for the
                  | Orb.
     0 | D:1      | Reached XP level 1. HP: 11/11 MP: 3/3
   134 | D:1      | Reached skill level 4 in Poison Magic
   134 | D:1      | Reached XP level 2. HP: 7/17 MP: 1/5
   788 | D:1      | Reached XP level 3. HP: 13/21 MP: 1/6
  1560 | D:2      | Reached XP level 4. HP: 25/27 MP: 7/7
  1722 | D:2      | Slain by a gnoll

Illustrated notes

Levels and vault maps discovered:
D:1:      matt_arrival_spirals, layout_basic, item_on_display_a
D:2:      layout_basic, columned_hall_lemuel

Skill      XL: |  1 |
---------------+----+-----
Poison Magic   | 4 |  4.9
Dodging        | |  2.6
Stealth        | |  2.6
Spellcasting   | |  2.6
Transmutations | |  1.0

Action                     |  1- 3 |  4- 6 || total
---------------------------+-------+-------++-------
  Melee: Unarmed           |    56 |       ||    56
         Constrict         |    17 |       ||    17
         Tentacles         |    17 |       ||    17
         Punch             |     2 |       ||     2
         Rapier            |     4 |     2 ||     6
   Cast: Sting             |    26 |     2 ||    28
   Stab: Sleeping          |     7 |     1 ||     8
 Armour: Skin              |     6 |       ||     6
  Dodge: Dodged            |    42 |     1 ||    43

Table legend: (Time is in decaauts)
 A = Elapsed time spent in this place.
 B = Non-inter-level travel time spent in this place.
 C = Inter-level travel time spent in this place.
 D = Time resting spent in this place.
 E = Time spent auto-exploring this place.
 F = Levels seen in this place.
 G = Mean time per level.
                   A        B        C        D        E       F      G
               +--------+--------+--------+--------+--------+-----+--------+
         Total |   1722 |   1695 |     27 |      0 |   1446 |   2 |  861.0 |
       Dungeon |   1722 |   1695 |     27 |      0 |   1446 |   2 |  861.0 |
               +--------+--------+--------+--------+--------+-----+--------+

Top non-repeatable levels by time:
     D:1: 1279 daAuts
     D:2: 442 daAuts
